 Dungeon Crawl Stone Soup version 0.27.1-37-g7b29ead8ac (console) character file.

Game seed: 6378180587931598590

6189 grimtooth the Nimble (level 11, -25/71 HPs)
             Began as a Kobold Hunter on Apr 24, 2024.
             Was a Believer of Fedhas.
             Killed from afar by a gargoyle (33 damage)
             ... with a stone arrow
             ... on level 11 of the Dungeon.
             The game lasted 01:12:19 (16574 turns).

grimtooth the Nimble (Kobold Hunter)               Turns: 16574, Time: 01:12:20

Health: -25/71     AC:  6    Str:  9    XL:     11   Next: 14%
Magic:  15/15      EV: 21    Int: 13    God:    Fedhas [**....]
Gold:   670        SH:  0    Dex: 19    Spells: 10/10 levels left

rFire    . . .     SeeInvis .   w - +2 short sword (holy)
rCold    + . .     Faith    .   (shield restricted)
rNeg     + . .     Spirit   .   P - +1 leather armour {rC+}
rPois    .         Reflect  .   s - +0 helmet
rElec    .         Harm     .   (no cloak)
rCorr    .         Rampage  .   h - +0 pair of gloves
Will     +....                  (no boots)
Stlth    +++++.....             z - amulet of regeneration
HPRegen  1.21/turn              i - ring of willpower
MPRegen  0.14/turn              A - ring of positive energy

@: mighty, hasted and slowed
A: small, no large weapons, nightstalker 3, hooves 1, mutation resistance 1,
subdued magic 1
a: Renounce Religion, Wall of Briars


You were on level 11 of the Dungeon.
You worshipped Fedhas.
Fedhas was pleased with you.
You visited 2 branches of the dungeon, and saw 12 of its levels.

You collected 730 gold pieces.
You spent 60 gold pieces at shops.

Inventory:

Hand Weapons
 a - a +0 short sword of venom
 b - a +1 whip of electrocution
 w - a +2 short sword of holy wrath (weapon)
Missiles
 c - 13 boomerangs
 d - 2 throwing nets {=f}
 H - 40 poisoned darts (quivered)
 M - a curare-tipped dart
Armour
 h - a +0 pair of gloves (worn)
 s - a +0 helmet (worn)
 K - the +6 scale mail of Busox {Str+2}
   (You found it on level 7 of the Dungeon)

   Str:       It affects your strength (+2).
 P - a +1 leather armour of cold resistance (worn)
Magical Staves
 l - a staff of air
Jewellery
 i - a ring of willpower (left hand)
 z - an amulet of regeneration (around neck)
 A - a ring of positive energy (right hand)
 I - a ring of poison resistance
 U - a ring of protection from fire
 X - a ring of flight
Wands
 f - a wand of flame (3)
 x - a wand of paralysis (2)
 G - a wand of iceblast (13)
Scrolls
 g - 4 scrolls of fear {unknown}
 j - 3 scrolls of enchant weapon {unknown}
 k - a scroll of vulnerability {unknown}
 p - 2 scrolls of teleportation {unknown}
 q - 3 scrolls of immolation {unknown}
 r - a scroll of fog {unknown}
 u - a scroll of blinking {unknown}
 Q - 2 scrolls of enchant armour {unknown}
 R - a scroll of brand weapon {unknown}
Potions
 e - a potion of magic
 n - a potion of might
 v - a potion of berserk rage
 B - 3 potions of cancellation
 C - 2 potions of attraction {unknown}
 D - 2 potions of invisibility {unknown}
 E - a potion of mutation
 F - 2 potions of degeneration {unknown}
 N - a potion of lignification
 T - a potion of brilliance {unknown}


   Skills:
 + Level 9.3 Fighting
 - Level 9.0 Short Blades
 - Level 4.3 Throwing
 * Level 10.5 Dodging
 - Level 9.0 Stealth
 - Level 6.0 Invocations


You had 10 spell levels left.
You didn't know any spells.
Your spell library contained the following spells:

 Spells                   Type           Power      Damage    Failure   Level
 Magic Dart               Conj           0%         1d3       36%         1
 Call Imp                 Summ           0%         N/A       50%         2
 Corpse Rot               Necr/Air       N/A        N/A       50%         2
 Poisonous Vapours        Pois/Air       0%         N/A       50%         2
 Sublimation of Blood     Necr           0%         N/A       50%         2
 Wereblood                Tmut           0%         N/A       50%         2
 Dazzling Flash           Conj/Hex       0%         N/A       75%         3
 Mephitic Cloud           Conj/Pois/Air  0%         N/A       75%         3
 Dispel Undead            Necr           0%         3d6       99%         4
 Passage of Golubria      Tloc           N/A        N/A       99%         4
 Agony                    Necr           0%         N/A       100%        5
 Freezing Cloud           Conj/Ice/Air   0%         6-21      100%        5
 Silence                  Hex/Air        0%         N/A       100%        5
 Death Channel            Necr           0%         N/A       100%        6
 Summon Hydra             Summ           0%         N/A       100%        7
 Lehudib's Crystal Spear  Conj/Erth      0%         10d2      100%        8


Dungeon Overview and Level Annotations

Branches:
Dungeon (11/15)            Temple (1/1) D:6            Lair (0/6) D:9
    Orc (0/2) D:10

Altars:
Ashenzari
Cheibriados
Dithmenos
Elyvilon
Fedhas
Gozag
Hepliaklqana
Kikubaaqudgha
Makhleb
Nemelex Xobeh
Okawaru
Qazlal
Ru
Sif Muna
Trog
Uskayaw
Vehumet
Wu Jian
Xom
Yredelemnul
Zin
The Shining One

Shops:
D:5 *   D:7 **   D:11 *

Annotations:
D:2 elec axe
D:3 dig
D:8 exclusions: white imp and 3 wights, Harold
D:11 exclusions: guardian serpent, two-headed ogre and yak


Innate Abilities, Weirdness & Mutations

You are small and have problems with some larger weapons.
You are completely attuned to the shadows.
You have large cloven feet.
You are somewhat resistant to further mutation.
Your spells are a little easier to cast, but a little less powerful.


Message History

The wraith hits you.
* * * LOW HITPOINT WARNING * * *
The wraith drains your vigour!
You feel as though you will be slow longer.
The gargoyle hits you with a +0 mace.
* * * LOW HITPOINT WARNING * * *
The wraith hits you!
* * * LOW HITPOINT WARNING * * *
The wraith drains your vigour!
You feel as though you will be slow longer.
You barely miss the gargoyle. Your kick misses the gargoyle.
The gargoyle is severely damaged.
The gargoyle hurls a stone arrow at you.
The stone arrow misses you. The wraith misses you.
You feel better. The gargoyle hits you with a +0 mace!
* * * LOW HITPOINT WARNING * * *
The wraith barely misses you. The gargoyle closely misses you.
You feel yourself speed up. The wraith hits you but does no damage.
The gargoyle hurls a stone arrow at you.
The stone arrow hits you!
* * * LOW HITPOINT WARNING * * *
The wraith hits you.
* * * LOW HITPOINT WARNING * * *
Okay, then.
Enter note: - DANGIT
Enter note: - stupid wraiths
Aiming: Iceblast
Press: ? - help, Shift-Dir - straight line, p - gargoyle The mass of ice explodes!
The iceblast engulfs the gargoyle.
The gargoyle is almost destroyed.
The gargoyle hurls a stone arrow at you.
The stone arrow misses you. The wraith misses you.
Aiming: Iceblast
Press: ? - help, Shift-Dir - straight line The mass of ice explodes!
The iceblast engulfs the gargoyle.
The gargoyle is almost destroyed.
The gargoyle hurls a stone arrow at you.
The stone arrow hits you!!
You die...
Fedhas appreciates your contribution to the ecosystem.

#........# #...#
#........#########...#
####....................#
#..........#########....#
#..........#.......#....##
#..#####...#.......'......
#..# #...#.......#.....<
#####..# #...#.......#......
#......# #...#.......#......
#......# #...#.......#....##
#......# #.@.#.......#....#.
#..>...# #.9W#.......'....#.
#......# #...#.......#....#.
###....#####...#.......#....#.
#............#.......#....'.
#............#..>....#....#.
######.......###.....#....##
#.........#.....#......
#.........'.#####......
#.........###..........
#......................


You could see a wraith and a gargoyle.

Vanquished Creatures
  Pikel (D:4)
  A cyclops (D:11)
  Joseph (D:7)
  Sigmund (D:6)
  9 yaks
  Menkaure (D:7)
  An acid dragon (D:10)
  A water moccasin (D:7)
  2 orc warriors
  2 black bears (D:5)
  A sky beast (D:7)
  4 ogres
  3 necrophages
  A centaur (D:5)
  3 lemures (D:4)
  2 kobold brigands (D:7)
  3 scorpions
  A water moccasin skeleton (D:6)
  11 killer bees
  10 wights
  3 howler monkeys
  A centaur zombie (D:5)
  2 hounds
  3 jellies
  2 orc priests
  A bullfrog skeleton (D:5)
  A centaur skeleton (D:6)
  5 iguanas
  4 orc wizards
  5 gnolls
  A howler monkey skeleton (D:6)
  11 adders
  A shadow imp (D:6)
  A white imp (D:6)
  An adder skeleton (D:5)
  A worm (D:3)
  3 dart slugs
  13 orcs
  6 ball pythons
  3 bats
  5 endoplasms
  5 giant cockroaches
  11 goblins
  8 hobgoblins
  6 jackals (D:1)
  20 kobolds
  2 quokkas
  3 frilled lizards
  A jackal skeleton (D:4)
  9 rats
197 creatures vanquished.

Vanquished Creatures (others)
  5 dream sheep (D:6)
  7 demonic plants (D:2)
  11 fungi (D:2)
  8 plants (D:2)
  2 withered plants (D:2)
33 creatures vanquished.

Grand Total: 230 creatures vanquished

Notes
Turn   | Place    | Note
-------+----------+-------------------------------------------
     0 | D:1      | grimtooth the Kobold Hunter began the quest for the Orb.
     0 | D:1      | Reached XP level 1. HP: 12/12 MP: 1/1
   483 | D:1      | Reached skill level 1 in Short Blades
   628 | D:1      | Reached XP level 2. HP: 14/17 MP: 2/2
  1261 | D:1      | Reached XP level 3. HP: 6/21 MP: 3/3
  2782 | D:2      | Gained mutation: Your spells are a little easier to cast,
                  | but a little less powerful. [potion of mutation]
  2782 | D:2      | Gained mutation: You have large cloven feet. [potion of
                  | mutation]
  2782 | D:2      | Gained mutation: You are somewhat resistant to further
                  | mutation. [potion of mutation]
  2785 | D:2      | Reached XP level 4. HP: 14/26 MP: 4/4
  3222 | D:2      | Found a faded altar of an unknown god.
  4079 | D:2      | Reached XP level 5. HP: 30/30 MP: 5/5
  4850 | D:3      | - aaah my portal... how is this possible
  4968 | D:3      | Reached skill level 5 in Short Blades
  4986 | D:3      | - under the gnolls i guess
  5262 | D:3      | Found a white marble altar of Elyvilon.
  6001 | D:4      | Noticed an ogre
  6135 | D:4      | Noticed an ogre
  6452 | D:4      | Noticed a lemure
  6488 | D:4      | Reached XP level 6. HP: 35/35 MP: 6/6
  6868 | D:4      | Reached skill level 5 in Stealth
  7103 | D:4      | Reached skill level 3 in Dodging
  7154 | D:4      | Noticed Pikel
  7542 | D:5      | Entered Level 5 of the Dungeon
  7733 | D:5      | Noticed a black bear
  7808 | D:5      | Killed a black bear
  7809 | D:5      | Reached skill level 4 in Dodging
  7809 | D:5      | Reached XP level 7. HP: 26/40 MP: 7/7
  8119 | D:5      | Reached skill level 5 in Dodging
  8129 | D:5      | Found Ifionleb's General Store.
  8620 | D:5      | Reached skill level 6 in Dodging
  8620 | D:5      | Reached XP level 8. HP: 32/46 MP: 8/8
  8959 | D:5      | Bought a potion of heal wounds for 60 gold pieces
  9391 | D:6      | Noticed Sigmund
  9396 | D:6      | Killed Sigmund
  9397 | D:6      | Reached skill level 5 in Fighting
  9447 | D:6      | Found a staircase to the Ecumenical Temple.
  9586 | D:6      | Found a stormy altar of Qazlal.
  9679 | Temple   | Entered the Ecumenical Temple
 10267 | D:6      | Reached skill level 7 in Dodging
 10270 | D:6      | Noticed a dream sheep
 10270 | D:6      | Noticed a dream sheep
 10270 | D:6      | Noticed a dream sheep
 10270 | D:6      | Noticed a dream sheep
 10270 | D:6      | Noticed a dream sheep
 10270 | D:6      | Found a shimmering altar of Xom.
 10275 | D:6      | Killed a dream sheep
 10276 | D:6      | Killed a dream sheep
 10276 | D:6      | Killed a dream sheep
 10276 | D:6      | Killed a dream sheep
 10276 | D:6      | Killed a dream sheep
 10357 | Temple   | Became a worshipper of Fedhas Madash
 10385 | D:7      | Noticed Joseph
 10495 | D:7      | Noticed a yak
 10521 | D:7      | Found a sparkling altar of Nemelex Xobeh.
 10526 | D:7      | Found an opulent altar of Gozag.
 10529 | D:7      | - and HEREs nemelex
 10558 | D:7      | Noticed a yak
 10590 | D:7      | Reached XP level 9. HP: 55/55 MP: 9/9
 10655 | D:7      | Reached skill level 8 in Dodging
 10713 | D:7      | Noticed a troll
 10814 | D:7      | Identified the +6 scale mail of Busox {Str+2}
 11289 | D:3      | Reached * piety under Fedhas
 11808 | D:4      | Killed Pikel
 11809 | D:4      | Reached skill level 9 in Dodging
 11921 | D:5      | Reached skill level 1 in Invocations
 12262 | D:7      | Noticed Menkaure
 12264 | D:7      | Found a shadowy altar of Dithmenos.
 12273 | D:7      | Reached XP level 10. HP: 63/63 MP: 11/11
 12278 | D:7      | Killed Menkaure
 12284 | D:7      | Found a snail-covered altar of Cheibriados.
 12288 | D:7      | Found a broken altar of Ashenzari.
 12458 | D:7      | Killed Joseph
 12598 | D:7      | Found Ugei's Specific Store.
 12599 | D:7      | Found Alogeako's General Store.
 12930 | D:8      | Identified the +5 kite shield "Linkuem" {+Blink rF+++
                  | Will-}
 13027 | D:8      | Noticed Harold
 13496 | D:9      | Found an iron altar of Okawaru.
 13690 | D:9      | Noticed a death yak
 14294 | D:9      | Noticed a death yak
 14488 | D:9      | Reached skill level 5 in Invocations
 14582 | D:9      | Found a staircase to the Lair.
 14776 | D:9      | Reached ** piety under Fedhas
 14887 | D:9      | Noticed a death yak
 14914 | D:10     | Entered Level 10 of the Dungeon
 15175 | D:10     | Found a staircase to the Orcish Mines.
 15573 | D:10     | Reached XP level 11. HP: 64/71 MP: 15/15
 15666 | D:10     | Reached skill level 10 in Dodging
 15872 | D:11     | Noticed a cyclops
 15897 | D:11     | Killed a cyclops
 16292 | D:11     | Found Ryuged's General Store.
 16319 | D:11     | Noticed a two-headed ogre
 16573 | D:11     | - DANGIT
 16573 | D:11     | - stupid wraiths
 16574 | D:11     | Killed from afar by a gargoyle

Illustrated notes ..........####.....## #.........## ###....# ...........# ###...###### ...........# 5$##....#.... ...........#o$l ##...#.... ...........#$s #...#.... ..........#######...#.... ..............###'##.... ....................... ...............<...... .....@............#### ..................# .)................# ..................# ..................## #############.#...... #.######## #......... ########## Turn 4850 on D:3: - aaah my portal... how is this possible

.# ##...... #...#.##.# .#
##....#⌠#...## #####.###..#.# .#
##......#...... ..............
.###.............. ..............
###..#..........# ...............
##..##...)......##...........<...
#...............)................
#.......♣♣♣♣♣♣..†................
#......♣♣ ♣♣................>.
##.....♣ ♣.).... ...........
#⌠#....♣ ♣.@...#............
##.....♣ ♣....#⌠......######
#.†....♣ ♣.....#......#....#
#......♣♣ ♣............'.....
........♣♣♣♣♣ .............#.....
............. ..........####..
.#..##....... #.........## ###
##...#........ ...........# ##
............. ...........# 5$#
.......#.. ...........#o$l
#..)..#⌠#. ...........#$s


Turn 4986 on D:3: - under the gnolls i guess ##)))##.# ##)###.#.# ..#)## ##..#
#.....###.... .......#.#.># #.####..##..# .# #$# #. #.###[.# ..##.# #.# #..#
._....# #.# ... ......# #.###.####.# .._.#@# #....>.<..# ....#.###.#.###.####..
.......... #[# ### ....#.#########.# ....#...........# ################# Turn
10529 on D:7: - and HEREs nemelex #........# #...# #........#########...#
####....................# #..........#########....# #..........#.......#....##
#..#####...#.......'...... #..# #...#.......#.....< #####..# #...#.......#......
#......# #...#.......#...... #......# #...#.......#....## #......#
#.@.#.......#....#. #..>...# #.9W#.......'....#. #......# #...#.......#....#.
###....#####...#.......#....#. #............#.......#....'.
#............#..>....#....#. ######.......###.....#....##
#.........#.....#...... #.........'.#####...... #.........###..........
#...................... Turn 16573 on D:11: - DANGIT

Levels and vault maps discovered:
D:1:      dpeg_arrival_connections, layout_basic, minmay_vboxes
D:2:      layout_loops_corners, shapermc_ecumenical_altar_gd
D:3:      layout_basic, elyvilon_altar_5, portal_sewer_entry_e,
          minmay_fountain_box, kennysheep_decorative_pillar,
          lightli_corner_chamber
D:4:      layout_basic, uniq_pikel
D:5:      layout_layer_cave, serial_shops, shop
D:6:      minmay_razor_zed, layout_loops_ring, kb_xom_exploding_sheep,
          nicolae_qazlal_general_emergency, minmay_temple_entry_overgrown,
          uniq_sigmund
D:7:      layout_loops_ring, grunt_temple_overflow_open, nicolae_specific_store,
          uniq_joseph, uniq_menkaure
D:8:      layout_rooms, uniq_harold
D:9:      layout_long_grid, mainiacjoe_overflow_alcove_4, dpeg_lair_monsters
D:10:     layout_cave_pools, orc_0_dummy
D:11:     layout_irregular_city, gammafunk_ghost_nasty_kobolds, serial_shops,
          shop, nrook_guardian_serpent_ordinary
Temple:   nicolae_temple_god_jail

Skill      XL: |  1  2  3  4  5  6  7  8  9 10 11 |
---------------+----------------------------------+-----
Short Blades   | 1 2 3 4 5 6 9 |  9.0
Stealth        | 2 3 4 5 6 7 9 |  9.0
Dodging        | 4 6 7 9 10 | 10.5
Fighting       | 3 6 7 9 |  9.3
Invocations    | 2 6 |  6.0
Throwing       | |  4.3

Action                   |  1- 3 |  4- 6 |  7- 9 | 10-12 || total
-------------------------+-------+-------+-------+-------++-------
Melee: Short sword       |   139 |   202 |   284 |   262 ||   887
       Kick              |       |    48 |    73 |   103 ||   224
       Whip              |       |       |     3 |    27 ||    30
Throw: Stone             |     3 |    20 |    10 |     4 ||    37
       Boomerang         |     3 |     3 |     9 |     7 ||    22
       Throwing net      |       |     1 |       |       ||     1
       Dart              |       |       |    10 |    17 ||    27
Evoke: Wand              |       |     5 |     2 |    15 ||    22
  Use: Potion            |     3 |       |     1 |     7 ||    11
       Scroll            |       |     3 |     1 |     3 ||     7
 Stab: Sleeping          |    11 |    24 |    25 |     5 ||    65
       Held in net/web   |       |     2 |       |       ||     2
       Paralysed         |       |     1 |       |     1 ||     2
       Distracted        |       |       |       |     1 ||     1
Armor: Leather armour    |    19 |    40 |    36 |    18 ||   113
Dodge: Dodged            |    83 |   127 |   195 |   200 ||   605
